 Dungeon Sprint DCSS version 0.23.2-1-ga50397a6bc (webtiles) character file.

Game seed: 3173412895418464295

1248 Kobolds4U the Fencer (level 8, -1/123 HPs)
             Began as a Minotaur Berserker on May 10, 2019.
             Was an Elder of Trog.
             Incinerated by a smoke demon (3 damage)
             ... with a sticky flame
             ... in the Dungeon (Sprint I: "Red Sonja").
             The game lasted 00:02:34 (510 turns).

Kobolds4U the Fencer (Minotaur Berserker)            Turns: 510, Time: 00:02:35

Health: -1/123     AC: 11    Str: 28    XL:     8   Next: 26%
Magic:  7/7        EV: 10    Int:  4    God:    Trog [****..]
Gold:   192        SH:  0    Dex: 11    Spells: 7/7 levels left

rFire    . . .     SeeInvis .   a - +0 falchion
rCold    . . .     Gourm    .   (no shield)
rNeg     . . .     Faith    .   k - +0 chain mail
rPois    .         Spirit   .   (helmet restricted)
rElec    .         Reflect  .   (no cloak)
rCorr    .         Harm     .   (no gloves)
MR       ++...     NoTele   +   (no boots)
Stlth    ..........             (no amulet)
HPRegen  1.30/turn              (no ring)
MPRegen  0.10/turn              (no ring)

@: berserking (expiring), liquid flames, regenerating, glowing, very quick
A: retaliatory headbutt, horns 2
a: Berserk, Trog's Hand, Brothers in Arms, Renounce Religion


You were in the Dungeon.
You worshipped Trog.
Trog was greatly pleased with you.
You were hungry.

You visited 1 branch You collected 412 gold pieces.
You spent 220 gold pieces at shops.

Inventory:

Hand Weapons
 a - a +0 falchion (weapon)
Armour
 k - a +0 chain mail (worn)
Scrolls
 i - a scroll of blinking
 j - a scroll of enchant armour {unknown}
Potions
 d - a potion of curing
 e - 3 potions of heal wounds
 f - 2 potions of haste
 g - 2 potions of magic
 h - a potion of berserk rage
 l - a potion of cancellation {unknown}
Comestibles
 b - 5 chunks of flesh
 c - a ration


   Skills:
 + Level 11.4 Fighting
 * Level 15.0 Long Blades
 + Level 10.6 Armour
 - Level 3.7 Dodging


You had 7 spell levels left.
You didn't know any spells.
Your spell library was empty.

Dungeon Overview and Level Annotations

Branches:
Dungeon (1/1)

Altars:
Cheibriados
Dithmenos
Elyvilon
Fedhas
Gozag
Hepliaklqana
Kikubaaqudgha
Makhleb
Nemelex Xobeh
Okawaru
Qazlal
Ru
Sif Muna
Trog
Uskayaw
Vehumet
Wu Jian
Xom
Yredelemnul
Zin
The Shining One
Jiyva
Lugonu

Shops:
D !


Innate Abilities, Weirdness & Mutations

You reflexively headbutt those who attack you in melee.
You have a pair of horns on your head.


Message History

The red devil hits you from afar with a +0 trident.
* * * LOW HITPOINT WARNING * * *
You slice the kobold demonologist!!
You feel the power of Trog in you as your rage grows.
You kill the kobold demonologist!
Trog accepts your kill.
Trog appreciates your killing of a magic user.
You can now call in reinforcements.
The crimson imp disappears in a puff of smoke!
The smoke demon disappears in a puff of smoke!
The quasit disappears in a puff of smoke!
The red devil disappears in a puff of smoke!
Your Long Blades skill increases to level 15!
You have reached level 8!
You feel stronger.
You are covered in liquid flames!
* * * LOW HITPOINT WARNING * * *
You are too berserk!
You are covered in liquid flames!
You die...

###################
..#..'..#__#..'§@§#
..').#..'..'..#§§.#
#'#####'#__####.§§+
..#...#.#### #####
###..##.# __##'#_.+
...÷..._# __##_.#'#
__###+#.#


There were no monsters in sight!

Vanquished Creatures
  2 kobold demonologists (D)
  A slime creature (D)
  Sigmund (D)
  A yak (D)
  A floating eye (D)
  An ogre (D)
  A jelly (D)
  Ijyb (D)
9 creatures vanquished.

Notes
Turn   | Place    | Note
-------+----------+-------------------------------------------
     0 | D        | Kobolds4U the Minotaur Berserker began the quest for the
                  | Orb.
     0 | D        | Reached XP level 1. HP: 19/19 MP: 0/0
     1 | D        | Noticed Ijyb
    11 | D        | Killed Ijyb
    11 | D        | Reached skill level 5 in Fighting
    11 | D        | Reached skill level 6 in Long Blades
    11 | D        | Reached XP level 2. HP: 10/29 MP: 1/1
   222 | D        | Noticed an ogre
   225 | D        | Killed an ogre
   225 | D        | Reached skill level 8 in Long Blades
   225 | D        | Reached XP level 3. HP: 38/38 MP: 2/2
   225 | D        | Reached XP level 4. HP: 45/45 MP: 3/3
   277 | D        | Noticed Sigmund
   284 | D        | Killed Sigmund
   284 | D        | Reached ** piety under Trog
   284 | D        | Reached skill level 11 in Long Blades
   284 | D        | Reached XP level 5. HP: 55/55 MP: 4/4
   284 | D        | Reached XP level 6. HP: 62/62 MP: 5/5
   299 | D        | Found an ornate altar of the Wu Jian Council.
   299 | D        | Found a deep blue altar of Sif Muna.
   301 | D        | Found a radiant altar of Vehumet.
   329 | D        | Found Riri's Distillery.
   329 | D        | Found an ancient bone altar of Kikubaaqudgha.
   329 | D        | Found a hazy altar of Hepliaklqana.
   329 | D        | Found a hide-covered altar of Uskayaw.
   329 | D        | Found a basalt altar of Yredelemnul.
   329 | D        | Found an opulent altar of Gozag.
   329 | D        | Found a snail-covered altar of Cheibriados.
   329 | D        | Found a sacrificial altar of Ru.
   329 | D        | Found a shadowy altar of Dithmenos.
   329 | D        | Noticed a yak
   337 | D        | Killed a yak
   337 | D        | Reached skill level 12 in Long Blades
   338 | D        | Found a stormy altar of Qazlal.
   338 | D        | Found a blossoming altar of Fedhas.
   338 | D        | Found a bloodstained altar of Trog.
   338 | D        | Found an iron altar of Okawaru.
   338 | D        | Found a glowing golden altar of the Shining One.
   338 | D        | Found a glowing silver altar of Zin.
   338 | D        | Found a white marble altar of Elyvilon.
   341 | D        | Found a sparkling altar of Nemelex Xobeh.
   345 | D        | Bought a potion of haste for 110 gold pieces
   345 | D        | Bought a potion of heal wounds for 55 gold pieces
   345 | D        | Bought a potion of heal wounds for 55 gold pieces
   438 | D        | Found a viscous altar of Jiyva.
   438 | D        | Found a corrupted altar of Lugonu.
   438 | D        | Noticed a slime creature
   439 | D        | Found a burning altar of Makhleb.
   439 | D        | Found a shimmering altar of Xom.
   444 | D        | Killed a slime creature
   444 | D        | Reached *** piety under Trog
   444 | D        | Reached skill level 10 in Fighting
   444 | D        | Reached skill level 13 in Long Blades
   444 | D        | Reached XP level 7. HP: 65/72 MP: 6/6
   483 | D        | Noticed a kobold demonologist
   483 | D        | Noticed a kobold demonologist
   486 | D        | Paralysed by a floating eye for 4 turns
   488 | D        | Noticed a smoke demon
   489 | D        | Noticed a smoke demon
   489 | D        | Noticed a sixfirhy
   490 | D        | Noticed a red devil
   492 | D        | Paralysed by a floating eye for 3 turns
   493 | D        | Noticed a sun demon
   495 | D        | HP: 1/109 [sun demon[a kobold demonologist] (11)]
   500 | D        | Killed a kobold demonologist
   500 | D        | Reached skill level 14 in Long Blades
   500 | D        | Reached skill level 10 in Armour
   501 | D        | HP: 4/111 [smoke demon[a kobold demonologist] (1)]
   508 | D        | HP: 3/111 [red devil/+0 trident[a kobold demonologist] (5)]
   509 | D        | Killed a kobold demonologist
   509 | D        | Reached **** piety under Trog
   509 | D        | Reached skill level 15 in Long Blades
   509 | D        | Reached XP level 8. HP: 3/82 MP: 7/7
   510 | D        | Incinerated by a smoke demon

Skill      XL: |  1  2  3  4  5  6  7 |
---------------+----------------------+-----
Fighting       | 5 6 8 10 11 | 11.4
Long Blades    | 6 8 11 13 15 | 15.0
Dodging        | 3 |  3.7
Armour         | 4 7 9 10 | 10.6

Action                   |  1- 3 |  4- 6 |  7- 9 || total
-------------------------+-------+-------+-------++-------
Melee: Falchion          |    11 |    20 |    16 ||    47
       Headbutt          |     3 |     8 |     1 ||    12
Invok: Berserk           |     1 |       |     1 ||     2
       Trog's Hand       |       |       |     1 ||     1
Armor: Animal skin       |     1 |       |       ||     1
       Chain mail        |       |     3 |    15 ||    18
Dodge: Dodged            |     3 |     5 |    11 ||    19
       Rpst.: Falchion   |     1 |     1 |     2 ||     4
